[ AOE2 MATCH · #505127249 ]
UnrankedAztecs vs Shu
Player's team · WIN
Rival team · LOSS
[ REPLAY ANALYSIS · EXTRACTED FROM THE RECORDED GAME ]
Feudal
8:54
Castle
22:56
Imperial
43:22
| APM avg | 58.6 |
| APM peak | 106 |
| eAPM avg | 24.7 |
| Villagers / military | 239 / 190 |
Focus
⚔️ 35.7% · 🌾 64.3%
Jaguar Warrior ×149 · Eagle Scout ×28 · Trebuchet (Packed) ×10 · Spearman ×3
Feudal
9:46
Castle
25:27
Imperial
42:43
| APM avg | 83.4 |
| APM peak | 150 |
| eAPM avg | 52.1 |
| Villagers / military | 132 / 35 |
Focus
⚔️ 63.0% · 🌾 37.0%
Unknown (1959) ×198 · Archer ×27 · Unknown (1942) ×12 · Scout Cavalry ×8
Match map
Initial resources + every placement click. Lines = walls · curves = elevation contours. ◆ gold · ⬟ stone · ● berries · ✦ relic · ◌ wall gap
Your base· Open — 4t gap
IhateArena's base· ✓ Closed at 25:27 · 88t walls · 6 gate(s)
Smoothed initial terrain · ◌ = detected wall gap · hover for details
Inputs per minute
— Ivannovich - - IhateArena
Build order — Ivannovich
First 150 of 394 actions detected
| 0:00 | Queue | Villager (Male) |
| 0:00 | Queue | Villager (Male) |
| 0:00 | Queue | Villager (Male) |
| 0:02 | Build | House |
| 0:02 | Build | House |
| 0:04 | Queue | Villager (Male) |
| 1:13 | Queue | Villager (Male) |
| 1:13 | Queue | Villager (Male) |
| 2:06 | Queue | Villager (Male) |
| 2:06 | Queue | Villager (Male) |
| 2:09 | Queue | Villager (Male) |
| 2:46 | Queue | Villager (Male) |
| 2:46 | Queue | Villager (Male) |
| 3:02 | Build | Lumber Camp |
| 3:19 | Queue | Villager (Male) |
| 3:24 | Build | House |
| 3:40 | Queue | Villager (Male) |
| 3:40 | Queue | Villager (Male) |
| 3:58 | Queue | Villager (Male) |
| 5:19 | Queue | Villager (Male) |
| 5:31 | Build | Mining Camp |
| 5:34 | Queue | Villager (Male) |
| 5:52 | Research | Loom |
| 6:44 | Research | Feudal Age |
| 6:44 | Research | Feudal Age |
| 7:18 | Build | House |
| 7:28 | Build | Barracks |
| 8:19 | Build | Barracks |
| 8:49 | Build | House |
| 8:53 | Queue | Villager (Male) |
| 8:54 | Age | Feudal Age |
| 8:56 | Queue | Eagle Scout |
| 9:02 | Queue | Eagle Scout |
| 9:18 | Queue | Eagle Scout |
| 9:19 | Build | Barracks |
| 9:24 | Queue | Villager (Male) |
| 9:54 | Build | Mill |
| 9:54 | Queue | Villager (Male) |
| 10:26 | Build | Mill |
| 11:04 | Queue | Eagle Scout ×4 |
| 11:34 | Queue | Eagle Scout |
| 11:48 | Build | Watch Tower |
| 12:04 | Queue | Villager (Male) |
| 12:07 | Build | House |
| 12:21 | Queue | Eagle Scout |
| 12:34 | Build | Watch Tower |
| 12:38 | Queue | Spearman |
| 12:38 | Queue | Spearman |
| 12:42 | Build | Palisade Wall |
| 12:43 | Build | Palisade Wall |
| 12:49 | Queue | Eagle Scout |
| 12:51 | Queue | Villager (Male) ×2 |
| 12:54 | Build | Palisade Wall |
| 13:02 | Build | Farm |
| 13:02 | Build | Farm |
| 13:03 | Build | Farm |
| 13:03 | Build | Farm |
| 13:03 | Build | Farm |
| 13:03 | Build | Farm |
| 13:24 | Queue | Villager (Male) |
| 13:26 | Build | Palisade Wall |
| 13:27 | Build | Palisade Wall |
| 13:31 | Queue | Spearman |
| 13:39 | Build | Palisade Wall |
| 13:39 | Build | Palisade Wall |
| 13:39 | Build | Palisade Wall |
| 13:40 | Build | Palisade Wall |
| 13:40 | Build | Palisade Wall |
| 13:43 | Queue | Villager (Male) |
| 13:46 | Build | House |
| 13:59 | Build | House |
| 14:38 | Queue | Eagle Scout ×2 |
| 14:45 | Build | Mining Camp |
| 15:05 | Build | Farm |
| 15:13 | Queue | Villager (Male) |
| 15:28 | Build | House |
| 15:30 | Build | Palisade Wall |
| 15:31 | Queue | Villager (Male) |
| 16:24 | Build | Farm |
| 16:36 | Build | Watch Tower |
| 16:46 | Queue | Villager (Male) |
| 16:50 | Build | Farm |
| 16:50 | Build | Farm |
| 16:50 | Build | Farm |
| 16:51 | Build | Farm |
| 16:52 | Queue | Villager (Male) |
| 17:03 | Build | House |
| 17:41 | Queue | Villager (Male) |
| 17:43 | Build | Farm |
| 18:02 | Queue | Villager (Male) |
| 18:21 | Build | Blacksmith |
| 18:24 | Queue | Villager (Male) |
| 18:34 | Queue | Villager (Male) |
| 18:44 | Queue | Eagle Scout |
| 18:45 | Queue | Eagle Scout |
| 19:24 | Build | Market |
| 19:29 | Queue | Eagle Scout |
| 19:29 | Queue | Eagle Scout |
| 19:35 | Research | Scale Mail Armor |
| 19:40 | Build | House |
| 19:41 | Build | House |
| 19:46 | Queue | Villager (Male) |
| 20:03 | Build | Palisade Wall |
| 20:16 | Research | Castle Age |
| 20:55 | Build | House |
| 20:57 | Build | House |
| 21:07 | Build | Watch Tower |
| 21:14 | Build | House |
| 21:16 | Build | House |
| 21:18 | Build | House |
| 21:41 | Build | House |
| 21:58 | Build | Lumber Camp |
| 22:51 | Queue | Eagle Scout |
| 22:51 | Queue | Eagle Scout |
| 22:56 | Age | Castle Age |
| 22:59 | Research | Eagle Warrior (upgrade) |
| 23:00 | Research | Squires |
| 23:08 | Queue | Villager (Male) |
| 23:21 | Build | Town Center |
| 23:34 | Build | Farm |
| 23:55 | Queue | Eagle Scout ×3 |
| 24:13 | Build | Farm |
| 24:13 | Build | Farm |
| 24:13 | Build | Farm |
| 24:14 | Build | Farm |
| 24:18 | Queue | Eagle Scout |
| 24:18 | Queue | Eagle Scout |
| 24:27 | Queue | Eagle Scout |
| 24:43 | Build | Farm |
| 24:43 | Build | Farm |
| 24:44 | Build | Farm |
| 24:44 | Build | Farm |
| 24:44 | Build | Farm |
| 24:44 | Build | Farm |
| 24:44 | Build | Farm |
| 24:46 | Queue | Villager (Male) |
| 25:07 | Queue | Villager (Male) |
| 25:39 | Queue | Villager (Male) |
| 25:44 | Queue | Villager (Male) |
| 26:04 | Build | Town Center |
| 26:10 | Queue | Villager (Male) |
| 26:18 | Queue | Villager (Male) |
| 26:32 | Queue | Villager (Male) |
| 26:47 | Queue | Villager (Male) |
| 27:02 | Queue | Villager (Male) |
| 27:14 | Queue | Villager (Male) |
| 27:20 | Queue | Villager (Male) |
| 27:33 | Build | Siege Workshop |
| 27:40 | Queue | Eagle Scout ×4 |
| 28:04 | Queue | Villager (Male) |
Build order — IhateArena
First 150 of 627 actions detected
| 0:02 | Queue | Villager (Male) ×4 |
| 0:02 | Queue | Villager (Male) |
| 0:03 | Build | House |
| 0:05 | Build | House |
| 1:39 | Queue | Villager (Male) |
| 1:40 | Queue | Villager (Male) |
| 1:49 | Build | Lumber Camp |
| 2:08 | Queue | Villager (Male) |
| 2:08 | Queue | Villager (Male) |
| 2:22 | Queue | Villager (Male) |
| 2:23 | Queue | Villager (Male) |
| 2:23 | Queue | Villager (Male) |
| 2:39 | Build | House |
| 2:53 | Queue | Villager (Male) |
| 2:53 | Queue | Villager (Male) |
| 3:10 | Queue | Villager (Male) |
| 3:11 | Queue | Villager (Male) |
| 3:44 | Queue | Villager (Male) |
| 4:01 | Queue | Villager (Male) |
| 4:01 | Queue | Villager (Male) |
| 4:13 | Queue | Villager (Male) |
| 4:20 | Build | Mill |
| 4:47 | Queue | Villager (Male) |
| 4:47 | Queue | Villager (Male) |
| 4:48 | Queue | Villager (Male) |
| 5:38 | Queue | Villager (Male) |
| 5:52 | Build | House |
| 6:05 | Queue | Villager (Male) |
| 6:46 | Research | Loom |
| 6:46 | Research | Loom |
| 6:46 | Research | Loom |
| 7:02 | Queue | Villager (Male) |
| 7:14 | Research | Feudal Age |
| 7:14 | Research | Feudal Age |
| 7:27 | Build | Barracks |
| 7:33 | Build | Palisade Wall |
| 7:56 | Build | Palisade Wall |
| 9:05 | Build | Palisade Wall |
| 9:40 | Build | Palisade Wall |
| 9:43 | Build | Palisade Wall |
| 9:46 | Age | Feudal Age |
| 9:49 | Build | Stable |
| 9:51 | Research | Double-Bit Axe |
| 9:52 | Research | Double-Bit Axe |
| 9:53 | Queue | Villager (Male) |
| 9:55 | Build | House |
| 10:04 | Build | Mill |
| 10:07 | Build | Palisade Wall |
| 10:10 | Build | Palisade Wall |
| 10:11 | Build | Palisade Wall |
| 10:14 | Queue | Villager (Male) |
| 10:26 | Build | Palisade Gate |
| 10:35 | Build | Lumber Camp |
| 10:44 | Queue | Scout Cavalry |
| 10:44 | Queue | Scout Cavalry |
| 10:44 | Queue | Scout Cavalry |
| 10:45 | Queue | Scout Cavalry |
| 10:45 | Queue | Scout Cavalry |
| 10:45 | Queue | Scout Cavalry |
| 10:51 | Queue | Villager (Male) |
| 10:51 | Queue | Villager (Male) |
| 10:51 | Queue | Villager (Male) |
| 10:54 | Build | Lumber Camp |
| 10:57 | Build | Palisade Wall |
| 11:05 | Build | Palisade Wall |
| 11:08 | Build | Palisade Gate |
| 11:09 | Build | House |
| 11:10 | Build | Palisade Wall |
| 11:12 | Build | Palisade Wall |
| 11:21 | Build | Palisade Gate |
| 11:40 | Build | Palisade Wall |
| 11:41 | Build | Palisade Wall |
| 11:42 | Build | Palisade Wall |
| 11:56 | Queue | Villager (Male) |
| 12:15 | Build | House |
| 12:18 | Build | Palisade Wall |
| 12:36 | Build | Farm |
| 12:36 | Build | Farm |
| 12:37 | Build | Farm |
| 12:37 | Build | Farm |
| 12:37 | Build | Farm |
| 12:38 | Build | Farm |
| 12:43 | Build | House |
| 12:57 | Queue | Scout Cavalry |
| 12:57 | Queue | Scout Cavalry |
| 13:10 | Build | Farm |
| 13:11 | Build | Farm |
| 13:12 | Build | Farm |
| 13:27 | Build | Watch Tower |
| 13:31 | Build | House |
| 13:42 | Build | House |
| 13:50 | Queue | Villager (Male) |
| 13:50 | Queue | Villager (Male) |
| 13:54 | Build | Mining Camp |
| 14:08 | Build | Stone Wall |
| 14:21 | Build | Archery Range |
| 14:24 | Queue | Villager (Male) |
| 14:24 | Queue | Villager (Male) |
| 14:28 | Build | Stone Wall |
| 14:33 | Build | Mining Camp |
| 14:38 | Queue | Villager (Male) |
| 14:38 | Queue | Villager (Male) |
| 14:43 | Build | Stone Wall |
| 14:56 | Build | House |
| 14:58 | Build | House |
| 15:02 | Build | House |
| 15:14 | Queue | Villager (Male) |
| 15:24 | Queue | Archer |
| 15:25 | Queue | Archer |
| 15:40 | Build | House |
| 15:45 | Build | Gate |
| 15:47 | Build | Gate |
| 15:54 | Queue | Villager (Male) |
| 15:54 | Queue | Villager (Male) |
| 15:57 | Build | Archery Range |
| 15:57 | Queue | Archer |
| 15:57 | Queue | Archer |
| 16:09 | Build | Farm |
| 16:09 | Build | Farm |
| 16:10 | Queue | Villager (Male) |
| 16:10 | Queue | Villager (Male) |
| 16:19 | Queue | Archer |
| 16:19 | Queue | Archer |
| 16:43 | Build | Blacksmith |
| 16:55 | Queue | Archer |
| 16:55 | Queue | Archer |
| 16:59 | Queue | Archer |
| 17:00 | Queue | Archer |
| 17:00 | Queue | Archer |
| 17:09 | Queue | Archer |
| 17:09 | Queue | Archer |
| 17:16 | Queue | Villager (Male) |
| 17:16 | Queue | Villager (Male) |
| 17:30 | Build | House |
| 17:32 | Build | Gate |
| 17:36 | Queue | Villager (Male) |
| 17:36 | Queue | Villager (Male) |
| 17:56 | Research | Fletching |
| 17:56 | Research | Fletching |
| 17:58 | Queue | Archer |
| 17:58 | Queue | Archer |
| 18:07 | Queue | Villager (Male) |
| 18:08 | Queue | Villager (Male) |
| 18:10 | Build | Lumber Camp |
| 18:13 | Build | Lumber Camp |
| 18:17 | Build | Farm |
| 18:18 | Build | Farm |
| 18:28 | Build | Farm |
| 18:42 | Queue | Villager (Male) |
| 18:43 | Queue | Villager (Male) ×2 |
Match timeline
| 7:27 | IhateArena · first_building Barracks |
| 7:28 | Ivannovich · first_building Barracks |
| 7:33 | IhateArena · wall_segment Palisade Wall x13 |
| 7:56 | IhateArena · wall_segment Palisade Wall x5 |
| 8:54 | Ivannovich · age_up feudal |
| 9:05 | IhateArena · wall_segment Palisade Wall x9 |
| 9:40 | IhateArena · wall_segment Palisade Wall x4 |
| 9:43 | IhateArena · wall_segment Palisade Wall x1 |
| 9:46 | IhateArena · age_up feudal |
| 9:49 | IhateArena · first_building Stable |
| 10:07 | IhateArena · wall_segment Palisade Wall x4 |
| 10:10 | IhateArena · wall_segment Palisade Wall x4 |
| 10:11 | IhateArena · wall_segment Palisade Wall x9 |
| 10:57 | IhateArena · wall_segment Palisade Wall x9 |
| 11:05 | IhateArena · wall_segment Palisade Wall x1 |
| 11:10 | IhateArena · wall_segment Palisade Wall x1 |
| 11:12 | IhateArena · wall_segment Palisade Wall x1 |
| 11:40 | IhateArena · wall_segment Palisade Wall x1 |
| 11:41 | IhateArena · wall_segment Palisade Wall x1 |
| 11:42 | IhateArena · wall_segment Palisade Wall x1 |
| 12:18 | IhateArena · wall_segment Palisade Wall x1 |
| 12:42 | Ivannovich · wall_segment Palisade Wall x1 |
| 12:43 | Ivannovich · wall_segment Palisade Wall x1 |
| 12:54 | Ivannovich · wall_segment Palisade Wall x1 |
| 13:26 | Ivannovich · wall_segment Palisade Wall x1 |
| 13:27 | Ivannovich · wall_segment Palisade Wall x1 |
| 13:39 | Ivannovich · wall_segment Palisade Wall x2 |
| 13:39 | Ivannovich · wall_segment Palisade Wall x2 |
| 13:39 | Ivannovich · wall_segment Palisade Wall x2 |
| 13:40 | Ivannovich · wall_segment Palisade Wall x1 |
| 13:40 | Ivannovich · wall_segment Palisade Wall x2 |
| 14:08 | IhateArena · wall_segment Stone Wall x1 |
| 14:21 | IhateArena · first_building Archery Range |
| 14:28 | IhateArena · wall_segment Stone Wall x1 |
| 14:43 | IhateArena · wall_segment Stone Wall x5 |
| 15:30 | Ivannovich · wall_segment Palisade Wall x1 |
| 19:24 | IhateArena · wall_segment Stone Wall x10 |
| 20:03 | Ivannovich · wall_segment Palisade Wall x10 |
| 22:42 | IhateArena · first_market_sell 100 wood |
| 22:46 | IhateArena · first_market_buy 100 food |
| 22:56 | Ivannovich · age_up castle |
| 23:21 | IhateArena · wall_segment Stone Wall x10 |
| 23:38 | IhateArena · wall_segment Stone Wall x7 |
| 25:26 | IhateArena · wall_segment Stone Wall x4 |
| 25:27 | IhateArena · age_up castle |
| 25:30 | IhateArena · first_building Castle |
| 25:42 | IhateArena · wall_segment Stone Wall x1 |
| 26:44 | IhateArena · wall_segment Stone Wall x1 |
| 27:24 | IhateArena · wall_segment Stone Wall x1 |
| 27:33 | Ivannovich · first_building Siege Workshop |
| 27:35 | IhateArena · wall_segment Stone Wall x3 |
| 27:36 | IhateArena · wall_segment Stone Wall x1 |
| 27:37 | IhateArena · wall_segment Stone Wall x1 |
| 27:50 | IhateArena · wall_segment Stone Wall x1 |
| 27:51 | IhateArena · wall_segment Stone Wall x1 |
| 27:52 | IhateArena · wall_segment Stone Wall x1 |
| 29:48 | Ivannovich · first_market_buy 100 food |
| 31:10 | IhateArena · wall_segment Stone Wall x1 |
| 32:48 | Ivannovich · first_building Castle |
| 38:37 | Ivannovich · first_market_sell 500 wood |
| 40:35 | IhateArena · first_building Siege Workshop |
| 42:43 | IhateArena · age_up imperial |
| 43:22 | Ivannovich · age_up imperial |
| 54:52 | Ivannovich · wall_segment Palisade Wall x1 |
| 55:57 | IhateArena · resign |
[ AI ANALYSIS · 1 CREDIT ]
What really happened in this match?
Wolo.gg analyzes every decision: build order, eco, micro, common mistakes by bracket. Personalized analysis on WhatsApp or Discord in 30 seconds.
Civ guide
Aztecs
Perfil
Jugador #10002548